 Dungeon Crawl Stone Soup version 0.27-a0-1196-g3e9cee4cb2 (webtiles) character file.

Game seed: 2943226523395756125

16349 robertstho the Cleaver (level 12, 0/78 HPs)
             Began as a Tengu Berserker on May 27, 2021.
             Was an Elder of Trog.
             Slain by a tentacled starspawn (26 damage)
             ... on level 2 of the Abyss.
             The game lasted 00:13:10 (7648 turns).

robertstho the Cleaver (Tengu Berserker)            Turns: 7648, Time: 00:13:10

Health: 0/78       AC: 22    Str: 27    XL:     12   Next: 36%
Magic:  13/13      EV: 12    Int:  9    God:    Trog [****..]
Gold:   647        SH:  0    Dex: 20    Spells: 11/11 levels left

rFire    . . .     SeeInvis .   n - +2 broad axe (vorpal)
rCold    . . .     Faith    .   (no shield)
rNeg     . . .     Spirit   .   g - +0 crystal plate armour
rPois    .         Reflect  .   (helmet restricted)
rElec    .         Harm     .   r - +0 cloak
rCorr    .         Rampage  .   (no gloves)
Will     ++...                  (boots unavailable)
Stlth    ..........             d - amulet of regeneration
HPRegen  2.23/turn              l - +6 ring of dexterity
MPRegen  0.13/turn              D - +6 ring of strength

@: mighty, strong-willed, on berserk cooldown, flying quickly and evasively,
regenerating, hasted and slowed, quick
A: beak, talons 3, nimble flight
a: Renounce Religion, Berserk, Trog's Hand, Brothers in Arms


You were on level 2 of the Abyss.
You worshipped Trog.
Trog was greatly pleased with you.
You visited 1 branch of the dungeon, and saw 10 of its levels.
You visited the Abyss 1 time.

You collected 647 gold pieces.

Inventory:

Hand Weapons
 n - a +2 vorpal broad axe (weapon)
 B - a +0 scimitar of flaming
Missiles
 a - 3 curare-tipped darts
 k - 2 throwing nets
Armour
 g - a +0 crystal plate armour (worn)
 p - +0 acid dragon scales
 r - a +0 cloak (worn)
Jewellery
 b - a +4 ring of evasion
 d - an amulet of regeneration (around neck)
 f - an amulet of guardian spirit
 l - a +6 ring of dexterity (left hand)
 s - a ring of protection from cold
 D - a +6 ring of strength (right hand)
Wands
 q - a wand of paralysis (13)
 x - a wand of acid (2)
 z - a wand of iceblast (8)
Scrolls
 c - a scroll of acquirement {unknown}
 e - a scroll of fear
 j - 11 scrolls of teleportation
 m - 3 scrolls of magic mapping {unknown}
 o - a scroll of blinking
 t - 2 scrolls of fog {unknown}
 w - a scroll of immolation {unknown}
 y - a scroll of brand weapon
 A - 3 scrolls of enchant armour {unknown}
Potions
 h - 2 potions of resistance
 v - 2 potions of curing
Miscellaneous
 C - a phantom mirror


   Skills:
 * Level 10.3 Fighting
 + Level 12.8 Axes
 * Level 11.2 Armour
 * Level 9.0 Dodging
 + Level 0.2 Evocations


You had 11 spell levels left.
You didn't know any spells.
Your spell library was empty.

Dungeon Overview and Level Annotations

Branches:
Dungeon (10/15)            Temple (0/1) D:6            Lair (0/6) D:8
    Orc: D:9-12

Altars:
Ashenzari
Cheibriados
Fedhas
Gozag
Nemelex Xobeh
Ru
Sif Muna
Vehumet
Xom
The Shining One

Shops:
D:1 =

Annotations:
D:10 Sonja


Innate Abilities, Weirdness & Mutations

You have a beak for a mouth.
You have claws for feet.
Your magical nature lets you fly swiftly and evasively.


Message History

Your ogre misses the ufetubus. The ufetubus hits your ogre.
Your ogre dies!
Your ogre's corpse disappears in a puff of smoke!
The ufetubus closely misses you.
The ufetubus hits you but does no damage.
The smoke demon hits you but does no damage. x2
The smoke demon barely misses you. The ufetubus closely misses you.
The ufetubus misses you. The smoke demon gestures at you. Something smites you!
You feel yourself speed up. The ufetubus barely misses you.
The ufetubus closely misses you. The smoke demon closely misses you. x2
The smoke demon barely misses you.
Unknown command.
You hit the smoke demon. You claw the smoke demon!
The smoke demon is heavily wounded.
You slice the ynoxinul!! The smoke demon barely misses you.
The smoke demon misses you.
The smoke demon hits you but does no damage.
Unknown command.
You slice the smoke demon!!
You kill the smoke demon!
Trog accepts your kill.
You slash the ynoxinul!
You kill the ynoxinul!
Trog accepts your kill.
The ufetubus disappears in a puff of smoke! x7
Your Dodging skill increases to level 9!
Unknown command.
You slice the tentacled starspawn!! You claw the tentacled starspawn!
You peck the tentacled starspawn!
The tentacled starspawn is severely damaged.
The tentacled starspawn bites you!!
The tentacled starspawn closely misses you.
You slice the large abomination!! You claw the large abomination!
You peck the large abomination, but do no damage.
The large abomination is almost destroyed.
Your crystal plate armour prevents you from hitting the tentacled starspawn.
The tentacled starspawn bites you!!
You die...

#. ≈≈ ≈.≈≈♣X ..#
#≈.≈≈≈ ≈ #...
##.≈≈≈≈ . § ..#
##...#. #... .
##....##..#?...
##§§§.#... ......
##.X.##...... ...
#.@X...#... ... .
######...#..#.....
.. ##.#.... .§ #
## ...... .. ...#.
##.##..#... ##.
.###.#...#.. .
.... _ #..... .. .
. # #... .. #. . .
. .. ....# #.. #


You could see a tentacled starspawn and a large abomination.

Vanquished Creatures
  A tentacled starspawn (Abyss:2)
  Harold (D:7)
  A boulder beetle (D:9)
  A centaur warrior (D:9)
  A death knight (D:9)
  2 two-headed ogres (D:9)
  A manticore (D:10)
  A smoke demon (Abyss:2)
  A moth of wrath (shapeshifter) (D:9)
  Maggie (D:7)
  An efreet (D:9)
  3 large abominations (Abyss:2)
  2 hornets (D:9)
  2 slime creatures (D:9)
  A shadow (D:9)
  A ynoxinul (Abyss:2)
  8 yaks
  2 wyverns (D:8)
  2 wraiths (D:9)
  A yak (shapeshifter) (D:9)
  A vampire (D:7)
  Grum (D:8)
  A chaos spawn (Abyss:2)
  A steam dragon (D:7)
  An acid dragon (D:8)
  A water moccasin (D:7)
  2 orc warriors (D:9)
  An ice beast (D:7)
  2 sky beasts
  3 black bears (D:6)
  6 centaurs
  4 ogres
  A necrophage (D:6)
  3 wolves (D:8)
  3 kobold brigands
  7 bullfrogs
  2 scorpions
  A water moccasin zombie (D:6)
  A killer bee (D:9)
  9 wights
  A small abomination (Abyss:2)
  5 howler monkeys
  2 lava snakes (D:9)
  3 centaur zombies
  3 hounds
  2 bullfrog skeletons
  A gnoll shaman (D:8)
  4 orc priests
  2 centaur skeletons
  Crazy Yiuf (D:4)
  5 iguanas
  Ijyb (D:4)
  11 orc wizards
  Natasha (D:3)
  2 killer bee zombies
  2 howler monkey zombies (D:9)
  13 gnolls
  4 adders
  A shadow imp (D:6)
  2 white imps
  2 worms
  2 dart slugs
  24 orcs
  4 ball pythons
  3 endoplasms
  4 giant cockroaches
  8 goblins
  9 hobgoblins
  5 jackals
  15 kobolds
  4 quokkas
  A bat (D:3)
  3 frilled lizards
  4 rats
239 creatures vanquished.

Vanquished Creatures (collateral kills)
  A centaur warrior (D:9)
  A yak (D:9)
  A centaur zombie (D:9)
3 creatures vanquished.

Vanquished Creatures (others)
  An orc warrior (D:7)
  A killer bee (D:7)
  A wight (D:7)
  A bullfrog zombie (D:7)
  A hound (D:7)
  An iguana (D:7)
  An orc wizard (D:7)
  A white imp (D:7)
  4 starspawn tentacles (Abyss:2)
12 creatures vanquished.

Grand Total: 254 creatures vanquished

Notes
Turn   | Place    | Note
-------+----------+-------------------------------------------
     0 | D:1      | robertstho the Tengu Berserker began the quest for the Orb.
     0 | D:1      | Reached XP level 1. HP: 14/14 MP: 2/2
    61 | D:1      | Found Zuyf's Jewellery Boutique.
   195 | D:1      | Reached XP level 2. HP: 19/19 MP: 3/3
   802 | D:1      | Found a faded altar of an unknown god.
   844 | D:2      | You fall into a shaft and drop 1 floor!
   851 | D:3      | Reached XP level 3. HP: 23/23 MP: 4/4
  1038 | D:3      | Reached skill level 4 in Axes
  1038 | D:3      | Reached XP level 4. HP: 18/29 MP: 5/5
  1113 | D:3      | Reached ** piety under Trog
  1235 | D:3      | Noticed Natasha
  1239 | D:3      | Killed Natasha
  1240 | D:3      | Gained mutation: Your magical nature lets you fly swiftly
                  | and evasively. [Tengu growth]
  1240 | D:3      | Reached XP level 5. HP: 33/33 MP: 6/6
  1331 | D:4      | Reached XP level 6. HP: 39/39 MP: 7/7
  1389 | D:4      | Reached skill level 5 in Axes
  1626 | D:2      | Reached *** piety under Trog
  1760 | D:2      | Reached XP level 7. HP: 44/44 MP: 8/8
  2161 | D:4      | Found a runed translucent door.
  2162 | D:4      | Noticed Crazy Yiuf
  2218 | D:4      | Reached skill level 5 in Fighting
  2247 | D:4      | Reached skill level 5 in Armour
  2327 | D:4      | Noticed Ijyb
  2334 | D:4      | Killed Ijyb
  2508 | D:4      | Killed Crazy Yiuf
  2574 | D:5      | Entered Level 5 of the Dungeon
  2587 | D:5      | Reached skill level 6 in Axes
  2592 | D:5      | Reached XP level 8. HP: 48/49 MP: 9/9
  2749 | D:5      | Reached **** piety under Trog
  3056 | D:5      | Reached skill level 7 in Axes
  3196 | D:5      | Found a shimmering blue altar of Sif Muna.
  3632 | D:6      | Found a staircase to the Ecumenical Temple.
  3687 | D:6      | Reached skill level 5 in Dodging
  3691 | D:6      | Reached XP level 9. HP: 50/54 MP: 10/10
  3907 | D:6      | Found a large runed translucent door.
  3908 | D:6      | Found a large runed translucent door.
  3924 | D:6      | Reached skill level 8 in Axes
  4484 | D:6      | Found a radiant altar of Vehumet.
  4500 | D:6      | Found a glowing golden altar of the Shining One.
  4599 | D:7      | Noticed Maggie
  4612 | D:7      | Killed Maggie
  4654 | D:7      | Noticed Harold
  4664 | D:7      | Killed Harold
  4665 | D:7      | Reached skill level 9 in Axes
  4665 | D:7      | Reached XP level 10. HP: 49/63 MP: 11/11
  4738 | D:7      | Found a shimmering altar of Xom.
  4862 | D:7      | Found an opulent altar of Gozag.
  4872 | D:7      | Found a sacrificial altar of Ru.
  4872 | D:7      | Found a snail-covered altar of Cheibriados.
  4872 | D:7      | Found a sparkling altar of Nemelex Xobeh.
  4891 | D:7      | Found a blossoming altar of Fedhas.
  5189 | D:8      | Reached skill level 10 in Axes
  5375 | D:8      | Found a broken altar of Ashenzari.
  5390 | D:8      | Noticed Grum
  5403 | D:8      | Killed Grum
  5453 | D:8      | Found a staircase to the Lair.
  5504 | D:8      | Reached ***** piety under Trog
  6312 | D:9      | Noticed a two-headed ogre
  6317 | D:9      | Killed a two-headed ogre
  6318 | D:9      | Reached XP level 11. HP: 20/69 MP: 12/12
  6320 | D:9      | Noticed a centaur warrior
  6320 | D:9      | Noticed a two-headed ogre
  6360 | D:9      | Reached skill level 11 in Axes
  6405 | D:9      | Reached skill level 10 in Armour
  6549 | D:9      | Noticed a boulder beetle
  6559 | D:9      | Killed a boulder beetle
  6583 | D:9      | Killed a centaur warrior
  6628 | D:9      | Killed a two-headed ogre
  6733 | D:9      | Reached skill level 12 in Axes
  6787 | D:9      | Noticed a moth of wrath
  6794 | D:9      | Killed a moth of wrath
  6794 | D:9      | Received a gift from Trog
  6825 | D:9      | Noticed a centaur warrior
  6891 | D:9      | Noticed a death knight
  6902 | D:9      | Killed a death knight
  7072 | D:9      | Killed a centaur warrior
  7073 | D:9      | Reached XP level 12. HP: 42/77 MP: 13/13
  7369 | D:10     | Entered Level 10 of the Dungeon
  7528 | D:10     | Noticed Sonja
  7534 | D:10     | Cast into level 2 of the Abyss (Sonja)
  7558 | Abyss:2  | Reached skill level 10 in Fighting
  7580 | Abyss:2  | Noticed a tentacled starspawn
  7583 | Abyss:2  | Found a shimmering blue altar of Sif Muna.
  7609 | Abyss:2  | Noticed a tentacled starspawn
  7617 | Abyss:2  | Killed a tentacled starspawn
  7632 | Abyss:2  | Noticed a tentacled starspawn
  7648 | Abyss:2  | Slain by a tentacled starspawn

Illustrated notes

Levels and vault maps discovered:
D:1:      lightli_arrival_windingriver, layout_basic, serial_shops,
          nicolae_shop_behind_doors, shapermc_ecumenical_altar_mp_vishouse,
          minmay_misc_feat_rows, minmay_surrounded
D:2:      layout_loops_ring, kennysheep_minor_cross
D:3:      layout_rooms, uniq_natasha
D:4:      layout_basic, uniq_crazy_yiuf_cottage, uniq_ijyb
D:5:      layout_cave_pools, nicolae_sif_muna_little_library
D:6:      minmay_general_purpose_star, layout_basic, jmf_multi_god_temple2,
          minmay_temple_entry_slanted, dk_vineyard_2, kb_lookout_dungeons_type,
          lemuel_old_faithful
D:7:      layout_loops_ring, xom_confusion_cloud, minitemple, uniq_maggie,
          uniq_harold
D:8:      layout_loops_ring, cheibrodos_ashenzari_chains, lair_entry_dummy,
          minmay_puff, uniq_grum
D:9:      minmay_the_grid_octo_tiled_squarecenter [minmay_the_grid_octo_toaster,
          minmay_the_grid_octo_empty, minmay_the_grid_octo_concentric,
          minmay_the_grid_octo_clover,
          minmay_the_grid_square_5x5_megaprize_open,
          minmay_the_grid_square_5x5_comb, minmay_the_grid_square_5x5_seven,
          minmay_the_grid_square_5x5_shuriken,
          minmay_the_grid_square_5x5_inner_i], layout_grid_maze,
          grunt_decor_junction
D:10:     layout_basic, minivault_19, uniq_sonja
Abyss:2:  base:
D:3

Skill      XL: |  1  2  3  4  5  6  7  8  9 10 11 12 |
---------------+-------------------------------------+-----
Axes           | 4 5 6 7 9 10 12 | 12.8
Fighting       | 4 5 6 7 8 9 10 | 10.3
Armour         | 3 4 5 7 8 9 10 11 | 11.2
Dodging        | 3 4 5 6 7 8 9 |  9.0
Evocations     | |  0.2

Action                   |  1- 3 |  4- 6 |  7- 9 | 10-12 || total
-------------------------+-------+-------+-------+-------++-------
Melee: Hand axe          |    54 |    13 |       |       ||    67
       Peck              |    14 |    11 |    57 |    67 ||   149
       Kick              |    13 |    28 |    83 |   137 ||   261
       War axe           |       |    78 |   206 |       ||   284
       Broad axe         |       |       |     5 |   276 ||   281
Invok: Berserk           |       |     3 |     7 |     7 ||    17
       Brothers in Arms  |       |       |       |     4 ||     4
       Trog's Hand       |       |       |       |     4 ||     4
Evoke: Wand              |       |       |       |     3 ||     3
  Use: Scroll            |     5 |     2 |     7 |     3 ||    17
       Potion            |       |       |       |     4 ||     4
 Stab: Sleeping          |     1 |       |       |       ||     1
       Invisible         |       |       |       |     1 ||     1
Armor: Animal skin       |     1 |       |       |       ||     1
       Crystal plate arm |    33 |    89 |   168 |   194 ||   484
Dodge: Dodged            |     8 |    12 |    92 |   203 ||   315

Table legend: (Time is in decaauts)
 A = Elapsed time spent in this place.
 B = Non-inter-level travel time spent in this place.
 C = Inter-level travel time spent in this place.
 D = Time resting spent in this place.
 E = Time spent auto-exploring this place.
 F = Levels seen in this place.
 G = Mean time per level.
                   A        B        C        D        E       F      G
               +--------+--------+--------+--------+--------+-----+--------+
         Total |   7392 |   7096 |    296 |    513 |   5009 |  11 |  672.0 |
       Dungeon |   7271 |   6975 |    296 |    513 |   5009 |  10 |  727.1 |
         Abyss |    121 |    121 |      0 |      0 |      0 |   1 |  121.0 |
               +--------+--------+--------+--------+--------+-----+--------+

Top non-repeatable levels by time:
     D:9: 1193 daAuts
     D:8: 903 daAuts
     D:6: 902 daAuts
     D:1: 817 daAuts
     D:5: 809 daAuts
     D:4: 792 daAuts
     D:7: 591 daAuts
     D:2: 556 daAuts
     D:3: 552 daAuts
    D:10: 151 daAuts
 Abyss:2: 121 daAuts
